Remparts vs Senators
Created - November 28, 2020 at 19:25
Goals
|
Remparts |
1 |
2 |
2 |
5 |
Senators |
0 |
2 |
1 |
3 |
|
Shots
|
Remparts |
5 |
17 |
12 |
34 |
Senators |
14 |
18 |
6 |
38 |
|
1st period
1. Remparts , Cedric Paquette 3 (Griffin Reinhart 5) at 7:47
Penalties :
Matt Puempel (Que) for Cross-checking (Minor) at 16:48
2nd period
2. Remparts , Pontus Aberg 10 (Aleksander Barkov 20) at 7:15
3. Remparts , Pontus Aberg 11 (Tobias Rieder 12, Griffin Reinhart 6) at 11:56
4. Senators , Andy Andreoff 7 (Nathan Gerbe 18) at 16:11
5. Senators , Jonathan Ferland 10 (Andy Andreoff 5, Nathan Gerbe 19) at 16:27
Penalties :
Eric Mestery (BIN) for Diving (Minor) at 7:52, Michael McCarron (Que) for Goalie Interference (Minor) at 19:54
3rd period
6. Senators , Jonathan Ferland 11 (Nathan Gerbe 20, Tomas Jurco 7) at 8:36 (PP)
7. Remparts , Michael Latta 8 (Cedric Paquette 4, Niklas Hansson 2) at 10:02
8. Remparts , Jerry D'Amigo 7 (Quinton Howden 6, Griffin Reinhart 7) at 16:12
Penalties :
Aleksander Barkov (Que) for Roughing (Minor) at 7:52, Adam Ollas-Mattsson (BIN) for Slashing (Minor) at 13:01, Zemgus Girgensons (BIN) for Roughing (Minor) at 16:34
Goalie Stats
Igor Bobkov (Que), 35 saves from 38 shots - (0.921), W, 7-3-0, 60:00 minutes
Justin Peters (BIN), 29 saves from 34 shots - (0.853), L, 8-8-0, 60:00 minutes
Players Stats for Remparts
Player Name G A P +/- PIM S H SB GA TA FO MP PP MP PK MP
------------------------------------------------------------------------------------
Aaron Ekblad 0 0 0 0 0 1 1 3 2 0 0/0 25:09 3:46 2:49
Aleksander Barkov 0 1 1 1 2 4 2 1 0 0 15/27 19:05 3:20 0:00
Cedric Paquette 1 1 2 1 0 2 1 0 1 0 0/2 9:49 0:00 0:49
Griffin Reinhart 0 3 3 2 0 2 1 0 3 0 0/0 20:38 2:11 0:15
Jake Virtanen 0 0 0 1 0 0 1 0 0 0 0/0 14:26 2:37 0:00
Jerry D'Amigo 1 0 1 0 0 2 0 0 0 0 0/0 14:19 0:00 1:20
John Draeger 0 0 0 1 0 0 1 0 1 0 0/0 15:45 0:00 1:53
Kirill Kaprizov 0 0 0 0 0 0 1 0 0 0 0/0 13:37 0:00 0:49
Matt Puempel 0 0 0 1 2 0 2 0 1 1 0/0 14:47 2:37 0:00
Michael Latta 1 0 1 1 0 3 1 2 0 0 4/10 17:45 2:37 2:33
Michael McCarron 0 0 0 1 2 0 0 1 0 2 0/0 8:38 0:00 0:00
Michal Jordan 0 0 0 0 0 1 1 1 0 1 0/0 20:38 3:46 0:00
Niklas Hansson 0 1 1 1 0 1 0 2 0 0 0/0 16:45 0:00 2:34
Pontus Aberg 2 0 2 1 0 7 0 2 0 0 0/2 19:06 3:20 0:00
Quinton Howden 0 1 1 0 0 3 1 1 1 0 1/2 13:20 0:00 1:20
Roberts Lipsbergs 0 0 0 1 0 0 0 0 0 0 0/0 8:26 0:00 0:00
Tobias Rieder 0 1 1 1 0 4 1 0 1 1 2/4 21:57 3:20 2:33
William Colbert 0 0 0 2 0 4 0 1 0 0 0/0 21:05 2:11 1:53
Players Stats for Senators
Player Name G A P +/- PIM S H SB GA TA FO MP PP MP PK MP
------------------------------------------------------------------------------------
A.J. Jenks 0 0 0 -1 0 5 0 0 0 1 0/0 8:41 0:00 0:00
Adam Ollas-Mattsson 0 0 0 -1 2 0 0 0 0 0 0/0 7:00 0:00 0:00
Andy Andreoff 1 1 2 0 0 3 1 0 0 0 0/0 20:59 2:31 2:12
Anthony Richard 0 0 0 0 0 0 0 0 0 0 0/0 0:28 0:00 0:00
Branden Troock 0 0 0 0 0 0 0 0 0 0 0/0 0:00 0:00 0:00
Brett Bulmer 0 0 0 -1 0 0 0 0 0 1 0/0 8:41 0:00 0:00
Chandler Stephenson 0 0 0 0 0 0 0 0 0 0 1/2 2:18 0:00 0:00
Dylan Blujus 0 0 0 0 0 1 1 2 0 1 0/0 18:28 1:38 2:37
Eric Mestery 0 0 0 0 2 0 2 0 0 2 0/0 17:25 1:38 1:35
Grant Besse 0 0 0 -1 0 2 1 2 0 0 0/1 11:27 0:00 0:00
Jack Dougherty 0 0 0 -1 0 0 1 1 0 0 0/0 10:23 0:00 0:00
Jake Evans 0 0 0 -1 0 0 1 0 0 0 1/2 6:40 0:00 0:00
Jonathan Ferland 2 0 2 1 0 7 1 1 1 1 3/5 20:51 2:31 3:22
Jordan Schroeder 0 0 0 -1 0 1 2 0 1 1 5/9 15:06 2:11 0:12
Keegan Lowe 0 0 0 -2 0 1 4 1 0 1 0/0 25:20 3:04 3:20
Kevin Rooney 0 0 0 -1 0 4 1 0 0 0 0/1 11:16 0:00 0:00
Mason Geertsen 0 0 0 0 0 0 1 1 0 1 0/0 5:49 0:00 0:00
Maxim Letunov 0 0 0 0 0 0 0 0 0 0 0/0 0:00 0:00 0:00
Nathan Gerbe 0 3 3 1 0 5 2 1 0 0 14/25 20:42 2:31 3:30
Nick Foligno 0 0 0 -1 0 3 0 0 0 0 1/1 14:54 2:11 0:00
Philippe Myers 0 0 0 -1 0 1 0 0 0 0 0/0 11:41 0:00 1:02
Scott Harrington 0 0 0 -2 0 2 0 1 0 1 0/0 25:20 3:04 3:20
Tomas Jurco 0 1 1 -2 0 2 0 2 1 0 0/0 17:10 2:11 1:04
Warren Foegele 0 0 0 0 0 0 0 0 0 0 0/1 1:52 0:00 1:34
Zemgus Girgensons 0 0 0 -1 2 1 0 0 2 0 0/0 11:29 0:00 0:00
3 Stars
1 - Pontus Aberg (Que)
2 - Griffin Reinhart (Que)
3 - Jonathan Ferland (BIN)
Power Play
Remparts - 0 on 3 Attempt(s) - 0.00%
Senators - 1 on 3 Attempt(s) - 33.33%
Penalty Kill
Remparts - 2 on 3 Attempt(s) - 66.67%
- Score 0 goal in Penalty Kill
Senators - 3 on 3 Attempt(s) - 100.00%
- Score 0 goal in Penalty Kill
Team Stat
Remparts - Hits : 14 - Faceoff Wins : 22 - Blocked Shots : 14 - Penalty Minutes : 6
Senators - Hits : 18 - Faceoff Wins : 25 - Blocked Shots : 12 - Penalty Minutes : 6
Official
Referees : Unknown
Linesman : Unknown
Game Notes
Chandler Stephenson is injured at 14:25 of 1st period (Strained Left Knee)
Finance
Level 1 -- Attendance: 2000 (100.00%) -- Ticket Income $66,000
Level 2 -- Attendance: 1000 (100.00%) -- Ticket Income $15,000
Total Attendance: 3000 (100.00%)
Total Ticket Income: $81,000
Other Income: $4,050
Total Income: $85,050
Remparts
5 vs 5 Forward
Center Left Wing Right Wing Time % Phy DF OF
1 Aleksander Barkov Pontus Aberg Tobias Rieder 40 0 2 3
2 Michael Latta Matt Puempel Jake Virtanen 30 0 2 3
3 Quinton Howden Kirill Kaprizov Jerry D'Amigo 20 0 3 2
4 Cedric Paquette Roberts Lipsbergs Michael McCarron 10 1 2 2
5 vs 5 Defense
Defense Defense Time % Phy DF OF
1 Aaron Ekblad Michal Jordan 40 0 2 3
2 William Colbert Griffin Reinhart 30 0 2 3
3 Niklas Hansson John Draeger 20 1 2 2
4 Aaron Ekblad Griffin Reinhart 10 0 2 3
PowerPlay Forward
Center Left Wing Right Wing Time % Phy DF OF
1 Aleksander Barkov Pontus Aberg Tobias Rieder 60 0 1 4
2 Michael Latta Matt Puempel Jake Virtanen 40 0 1 4
PowerPlay Defense
Defense Defense Time % Phy DF OF
1 Aaron Ekblad Michal Jordan 60 0 2 3
2 Griffin Reinhart William Colbert 40 0 2 3
Penalty Kill 4 Players Forward
Center Wing Time % Phy DF OF
1 Michael Latta Tobias Rieder 60 1 3 1
2 Quinton Howden Jerry D'Amigo 40 1 3 1
Penalty Kill 4 Players Defense
Defense Defense Time % Phy DF OF
1 Aaron Ekblad Niklas Hansson 60 1 4 0
2 William Colbert John Draeger 40 1 4 0
Penalty Kill - 3 Players Forward
Forward Time % Phy DF OF
1 Michael Latta 60 1 3 1
2 Tobias Rieder 40 1 3 1
Penalty Kill - 3 Players Defense
Defense Defense Time % Phy DF OF
1 Niklas Hansson Aaron Ekblad 60 1 4 0
2 John Draeger William Colbert 40 1 4 0
4 vs 4 Forward
Center Wing Time % Phy DF OF
1 Aleksander Barkov Pontus Aberg 60 0 2 3
2 Michael Latta Tobias Rieder 40 0 2 3
4 vs 4 Defense
Defense Defense Time % Phy DF OF
1 Aaron Ekblad Michal Jordan 60 0 2 3
2 William Colbert Griffin Reinhart 40 0 2 3
Last Minutes Offensive
Center Left Wing Right Wing Defense Defense
Aleksander Barkov Pontus Aberg Tobias Rieder Aaron Ekblad Griffin Reinhart
Last Minutes Defensive
Center Left Wing Right Wing Defense Defense
Aleksander Barkov Pontus Aberg Tobias Rieder Aaron Ekblad Niklas Hansson
Goaltenders
Starting : Igor Bobkov
Backup : Garret Sparks
Extra Forwards
Normal : Tobias Rieder, Aleksander Barkov, Pontus Aberg - PP : Jake Virtanen, Aleksander Barkov - PK : Michael Latta
Extra Defensemen
Normal : Griffin Reinhart, Aaron Ekblad, Michal Jordan - PP : Niklas Hansson - PK : John Draeger, Aaron Ekblad
Penalty Shots
Aleksander Barkov, Tobias Rieder, Pontus Aberg, Quinton Howden, Jerry D'Amigo
Scratches
Viktor Baldayev (Healthy), Juuso Ikonen (Healthy), Michael Downing (Healthy), Keaton Thompson (Healthy), Kyle Platzer (Healthy)
Connor Honey (Healthy), Caleb Jones (Healthy), Lukas Vejdemo (Healthy), Kyle Capobianco (Healthy), Dmytro Timashov (Healthy)
Anton Zlobin (Healthy), Mitchell Heard (Healthy), Nelson Nogier (Healthy), Marek Langhamer (Healthy)
Senators
5 vs 5 Forward
Center Left Wing Right Wing Time % Phy DF OF
1 Nathan Gerbe Andy Andreoff Jonathan Ferland 40 1 2 2
2 Jordan Schroeder Nick Foligno Tomas Jurco 30 1 2 2
3 Kevin Rooney Zemgus Girgensons Grant Besse 20 1 2 2
4 Chandler Stephenson A.J. Jenks Brett Bulmer 10 1 2 2
5 vs 5 Defense
Defense Defense Time % Phy DF OF
1 Keegan Lowe Scott Harrington 40 1 2 2
2 Dylan Blujus Eric Mestery 30 1 2 2
3 Jack Dougherty Philippe Myers 20 1 2 2
4 Mason Geertsen Adam Ollas-Mattsson 10 1 2 2
PowerPlay Forward
Center Left Wing Right Wing Time % Phy DF OF
1 Nathan Gerbe Andy Andreoff Jonathan Ferland 60 1 2 2
2 Jordan Schroeder Nick Foligno Tomas Jurco 40 1 2 2
PowerPlay Defense
Defense Defense Time % Phy DF OF
1 Keegan Lowe Scott Harrington 60 1 2 2
2 Dylan Blujus Eric Mestery 40 1 2 2
Penalty Kill 4 Players Forward
Center Wing Time % Phy DF OF
1 Jonathan Ferland Nathan Gerbe 60 1 2 2
2 Andy Andreoff Tomas Jurco 40 1 2 2
Penalty Kill 4 Players Defense
Defense Defense Time % Phy DF OF
1 Keegan Lowe Scott Harrington 60 1 2 2
2 Dylan Blujus Eric Mestery 40 1 2 2
Penalty Kill - 3 Players Forward
Forward Time % Phy DF OF
1 Jonathan Ferland 60 1 2 2
2 Nathan Gerbe 40 1 2 2
Penalty Kill - 3 Players Defense
Defense Defense Time % Phy DF OF
1 Keegan Lowe Scott Harrington 60 1 2 2
2 Dylan Blujus Eric Mestery 40 1 2 2
4 vs 4 Forward
Center Wing Time % Phy DF OF
1 Jonathan Ferland Nathan Gerbe 60 1 2 2
2 Andy Andreoff Tomas Jurco 40 1 2 2
4 vs 4 Defense
Defense Defense Time % Phy DF OF
1 Keegan Lowe Scott Harrington 60 1 2 2
2 Dylan Blujus Eric Mestery 40 1 2 2
Last Minutes Offensive
Center Left Wing Right Wing Defense Defense
Nathan Gerbe Andy Andreoff Jonathan Ferland Keegan Lowe Scott Harrington
Last Minutes Defensive
Center Left Wing Right Wing Defense Defense
Nathan Gerbe Andy Andreoff Jonathan Ferland Keegan Lowe Scott Harrington
Goaltenders
Starting : Justin Peters
Backup : Sami Aittokallio
Extra Forwards
Normal : Jake Evans, Anthony Richard, Warren Foegele - PP : Jake Evans, Anthony Richard - PK : Warren Foegele
Extra Defensemen
Normal : Jack Dougherty, Philippe Myers, Mason Geertsen - PP : Jack Dougherty - PK : Philippe Myers, Mason Geertsen
Penalty Shots
Jonathan Ferland, Nathan Gerbe, Andy Andreoff, Tomas Jurco, Nick Foligno
Scratches
Zach Nastasiuk (Healthy), Jonas Siegenthaler (Healthy), Blake Coleman (Healthy), Pontus Sjalin (Healthy), Keven Bouchard (Healthy)
% Time on Ice - Remparts
Lines # - Real PCT - Wanted PCT - Time Play
Normal Forward
1 - 34% - 40% - 16:59
2 - 25% - 30% - 12:07
3 - 24% - 20% - 12:00
4 - 17% - 10% - 8:15
Normal Defense
1 - 37% - 40% - 18:01
2 - 33% - 30% - 16:29
3 - 26% - 20% - 12:40
4 - 4% - 10% - 2:11
PP Forward
1 - 56% - 60% - 3:20
2 - 44% - 40% - 2:37
PP Defense
1 - 63% - 60% - 3:46
2 - 37% - 40% - 2:11
PK Forward
1 - 72% - 60% - 3:22
2 - 28% - 40% - 1:20
PK Defense
1 - 60% - 60% - 2:49
2 - 40% - 40% - 1:53
PK3 Forward
1 - 0% - 60%
2 - 0% - 40%
PK3 Defense
1 - 0% - 60%
2 - 0% - 40%
44 Forward
1 - 0% - 60%
2 - 0% - 40%
44 Defense
1 - 0% - 60%
2 - 0% - 40%
Last Minute Offensive - 0:00
Last Minute Defensive - 0:00
Total
Forward - 60:00
Defense - 60:00
|
% Time on Ice - Senators
Lines # - Real PCT - Wanted PCT - Time Play
Normal Forward
1 - 31% - 40% - 15:29
2 - 28% - 30% - 13:55
3 - 23% - 20% - 11:16
4 - 18% - 10% - 8:41
Normal Defense
1 - 38% - 40% - 18:56
2 - 29% - 30% - 14:13
3 - 21% - 20% - 10:23
4 - 12% - 10% - 5:49
PP Forward
1 - 54% - 60% - 2:31
2 - 46% - 40% - 2:11
PP Defense
1 - 65% - 60% - 3:04
2 - 35% - 40% - 1:38
PK Forward
1 - 82% - 60% - 4:53
2 - 18% - 40% - 1:04
PK Defense
1 - 56% - 60% - 3:20
2 - 44% - 40% - 2:37
PK3 Forward
1 - 0% - 60%
2 - 0% - 40%
PK3 Defense
1 - 0% - 60%
2 - 0% - 40%
44 Forward
1 - 0% - 60%
2 - 0% - 40%
44 Defense
1 - 0% - 60%
2 - 0% - 40%
Last Minute Offensive - 0:00
Last Minute Defensive - 0:00
Total
Forward - 60:00
Defense - 60:00
|
Play-by-Play
1st period
0:01 of 1st period - Nathan Gerbe wins face-off versus Aleksander Barkov in neutral zone.
0:27 of 1st period - Off-side.
0:28 of 1st period - Nick Foligno wins face-off versus Michael Latta in neutral zone.
1:01 of 1st period - Snap shot by Grant Besse.
1:01 of 1st period - Stopped by Igor Bobkov without a rebound.
1:02 of 1st period - Chandler Stephenson wins face-off versus Cedric Paquette in Remparts zone.
1:13 of 1st period - Slapshot by Cedric Paquette.
1:13 of 1st period - Stopped by Justin Peters with a rebound.
1:27 of 1st period - Niklas Hansson is hit by Jack Dougherty and loses puck.
1:38 of 1st period - Wrist shot by Nathan Gerbe.
1:38 of 1st period - Stopped by Igor Bobkov with a rebound.
2:14 of 1st period - Snap shot by Nick Foligno.
2:14 of 1st period - Stopped by Igor Bobkov without a rebound.
2:15 of 1st period - Jordan Schroeder wins face-off versus Aleksander Barkov in Remparts zone.
2:18 of 1st period - Snap shot by Nick Foligno.
2:18 of 1st period - Shot Misses the Net.
2:20 of 1st period - Slapshot by Keegan Lowe.
2:20 of 1st period - Shot Blocked by Aaron Ekblad.
2:22 of 1st period - Slapshot by Keegan Lowe.
2:22 of 1st period - Stopped by Igor Bobkov without a rebound.
2:23 of 1st period - Nathan Gerbe wins face-off versus Aleksander Barkov in Remparts zone.
2:34 of 1st period - Wrist shot by Jonathan Ferland.
2:34 of 1st period - Shot Blocked by Aaron Ekblad.
2:36 of 1st period - Snap shot by Jonathan Ferland.
2:36 of 1st period - Shot Misses the Net.
2:38 of 1st period - Wrist shot by Jonathan Ferland.
2:38 of 1st period - Stopped by Igor Bobkov without a rebound.
2:39 of 1st period - Michael Latta wins face-off versus Jordan Schroeder in Remparts zone.
3:16 of 1st period - Snap shot by Nathan Gerbe.
3:16 of 1st period - Stopped by Igor Bobkov with a rebound.
3:38 of 1st period - Wrist shot by A.J. Jenks.
3:38 of 1st period - Stopped by Igor Bobkov with a rebound.
3:54 of 1st period - Snap shot by Tobias Rieder.
3:54 of 1st period - Shot Misses the Net.
3:56 of 1st period - Slapshot by Niklas Hansson.
3:56 of 1st period - Shot Misses the Net.
4:12 of 1st period - Wrist shot by Michael Latta.
4:12 of 1st period - Shot Misses the Net.
4:20 of 1st period - Tomas Jurco is hit by Matt Puempel and loses puck.
4:52 of 1st period - Off-side.
4:53 of 1st period - Aleksander Barkov wins face-off versus Chandler Stephenson in neutral zone.
6:10 of 1st period - Wrist shot by Zemgus Girgensons.
6:10 of 1st period - Stopped by Igor Bobkov with a rebound.
6:28 of 1st period - Snap shot by Jonathan Ferland.
6:28 of 1st period - Stopped by Igor Bobkov without a rebound.
6:29 of 1st period - Nathan Gerbe wins face-off versus Aleksander Barkov in Remparts zone.
6:32 of 1st period - Snap shot by Nathan Gerbe.
6:32 of 1st period - Deflect By Aaron Ekblad.
6:32 of 1st period - Shot Blocked by Michal Jordan.
6:32 of 1st period - Puck is out of play.
6:33 of 1st period - Nathan Gerbe wins face-off versus Aleksander Barkov in Remparts zone.
7:00 of 1st period - Wrist shot by Michal Jordan.
7:00 of 1st period - Stopped by Justin Peters with a rebound.
7:47 of 1st period - Slapshot by Griffin Reinhart.
7:47 of 1st period - Deflect By Cedric Paquette.
7:47 of 1st period - Goal by Cedric Paquette - Remparts : 1 - Senators : 0.
7:48 of 1st period - Nathan Gerbe wins face-off versus Aleksander Barkov in neutral zone.
8:13 of 1st period - Eric Mestery is hit by Jake Virtanen and loses puck.
8:43 of 1st period - Wrist shot by Jordan Schroeder.
8:43 of 1st period - Stopped by Igor Bobkov without a rebound.
8:44 of 1st period - Aleksander Barkov wins face-off versus Nathan Gerbe in Remparts zone.
9:09 of 1st period - Michael Latta is hit by Grant Besse and loses puck.
10:00 of 1st period - Keegan Lowe is hit by Aaron Ekblad and loses puck.
10:39 of 1st period - Wrist shot by Kevin Rooney.
10:39 of 1st period - Stopped by Igor Bobkov with a rebound.
11:06 of 1st period - Snap shot by Quinton Howden.
11:06 of 1st period - Deflect By Scott Harrington.
11:06 of 1st period - Stopped by Justin Peters with a rebound.
11:22 of 1st period - Snap shot by Nathan Gerbe.
11:22 of 1st period - Shot Blocked by Niklas Hansson.
12:32 of 1st period - A.J. Jenks is hit by Quinton Howden.
12:50 of 1st period - Snap shot by Jonathan Ferland.
12:50 of 1st period - Shot Blocked by Niklas Hansson.
13:09 of 1st period - Off-side.
13:10 of 1st period - Jordan Schroeder wins face-off versus Aleksander Barkov in neutral zone.
13:13 of 1st period - Wrist shot by Tomas Jurco.
13:13 of 1st period - Stopped by Igor Bobkov with a rebound.
13:15 of 1st period - Snap shot by Nick Foligno.
13:15 of 1st period - Stopped by Igor Bobkov with a rebound.
13:46 of 1st period - Wrist shot by Matt Puempel.
13:46 of 1st period - Shot Blocked by Jonathan Ferland.
14:04 of 1st period - Snap shot by Quinton Howden.
14:04 of 1st period - Shot Blocked by Dylan Blujus.
14:24 of 1st period - Chandler Stephenson is hit by Cedric Paquette and loses puck.
14:25 of 1st period - Chandler Stephenson from Senators is injured at 14:25 of 1st period (Strained Left Knee).
14:26 of 1st period - Nathan Gerbe wins face-off versus Aleksander Barkov in Senators zone.
14:41 of 1st period - Snap shot by Nathan Gerbe.
14:41 of 1st period - Stopped by Igor Bobkov with a rebound.
15:49 of 1st period - Slapshot by Michael Latta.
15:49 of 1st period - Stopped by Justin Peters with a rebound.
16:03 of 1st period - Wrist shot by Aleksander Barkov.
16:03 of 1st period - Shot Misses the Net.
16:48 of 1st period - Minor Penalty to Matt Puempel for Cross-checking.
16:49 of 1st period - Nathan Gerbe wins face-off versus Michael Latta in Remparts zone.
16:49 of 1st period - Snap shot by Jonathan Ferland.
16:49 of 1st period - Shot Hit the Post.
18:33 of 1st period - Wrist shot by Quinton Howden.
18:33 of 1st period - Deflect By Jerry D'Amigo.
18:33 of 1st period - Shot Misses the Net.
18:33 of 1st period - Puck is out of play.
18:34 of 1st period - Quinton Howden wins face-off versus Jordan Schroeder in Senators zone.
18:48 of 1st period - Penalty to Matt Puempel is over, Matt Puempel is back on ice.
19:17 of 1st period - Cedric Paquette is hit by Jake Evans and loses puck.
19:24 of 1st period - Snap shot by A.J. Jenks.
19:24 of 1st period - Shot Misses the Net.
19:42 of 1st period - Wrist shot by Jerry D'Amigo.
19:42 of 1st period - Shot Misses the Net.
Goals for this period are 1 for Remparts vs 0 for Senators.
Shots for this period are 5 for Remparts vs 14 for Senators.
2nd period
0:01 of 2nd period - Aleksander Barkov wins face-off versus Nathan Gerbe in neutral zone.
0:16 of 2nd period - Wrist shot by Aleksander Barkov.
0:16 of 2nd period - Stopped by Justin Peters with a rebound.
0:46 of 2nd period - Tomas Jurco is hit by Matt Puempel and loses puck.
1:19 of 2nd period - Niklas Hansson is hit by Dylan Blujus and loses puck.
2:38 of 2nd period - Wrist shot by Nathan Gerbe.
2:38 of 2nd period - Stopped by Igor Bobkov with a rebound.
2:40 of 2nd period - Snap shot by Jonathan Ferland.
2:40 of 2nd period - Stopped by Igor Bobkov without a rebound.
2:41 of 2nd period - Aleksander Barkov wins face-off versus Nathan Gerbe in Remparts zone.
3:27 of 2nd period - Quinton Howden is hit by Kevin Rooney and loses puck.
3:45 of 2nd period - Wrist shot by Aleksander Barkov.
3:45 of 2nd period - Stopped by Justin Peters with a rebound.
3:59 of 2nd period - Aleksander Barkov is hit by Keegan Lowe and loses puck.
4:20 of 2nd period - Snap shot by Jonathan Ferland.
4:20 of 2nd period - Stopped by Igor Bobkov with a rebound.
4:32 of 2nd period - Wrist shot by Michael Latta.
4:32 of 2nd period - Deflect By Jake Virtanen.
4:32 of 2nd period - Shot Misses the Net.
4:32 of 2nd period - Puck is out of play.
4:33 of 2nd period - Jordan Schroeder wins face-off versus Michael Latta in Senators zone.
4:42 of 2nd period - Wrist shot by Jordan Schroeder.
4:42 of 2nd period - Deflect By Tomas Jurco.
4:42 of 2nd period - Stopped by Igor Bobkov without a rebound.
4:43 of 2nd period - Michael Latta wins face-off versus Nathan Gerbe in Remparts zone.
4:43 of 2nd period - Michael Latta is hit by Andy Andreoff.
4:49 of 2nd period - Jake Virtanen is hit by Nathan Gerbe and loses puck.
6:17 of 2nd period - Snap shot by Kevin Rooney.
6:17 of 2nd period - Stopped by Igor Bobkov with a rebound.
6:19 of 2nd period - Snap shot by Kevin Rooney.
6:19 of 2nd period - Stopped by Igor Bobkov with a rebound.
6:21 of 2nd period - Slapshot by Kevin Rooney.
6:21 of 2nd period - Shot Misses the Net.
6:23 of 2nd period - Slapshot by Philippe Myers.
6:23 of 2nd period - Deflect By Matt Puempel.
6:23 of 2nd period - Stopped by Igor Bobkov with a rebound.
6:25 of 2nd period - Slapshot by Grant Besse.
6:25 of 2nd period - Stopped by Igor Bobkov with a rebound.
6:27 of 2nd period - Wrist shot by Zemgus Girgensons.
6:27 of 2nd period - Shot Misses the Net.
6:41 of 2nd period - Snap shot by Aleksander Barkov.
6:41 of 2nd period - Shot Blocked by Tomas Jurco.
6:43 of 2nd period - Wrist shot by Pontus Aberg.
6:43 of 2nd period - Stopped by Justin Peters with a rebound.
6:45 of 2nd period - Snap shot by Aleksander Barkov.
6:45 of 2nd period - Shot Blocked by Tomas Jurco.
6:47 of 2nd period - Slapshot by Tobias Rieder.
6:47 of 2nd period - Deflect By Pontus Aberg.
6:47 of 2nd period - Stopped by Justin Peters with a rebound.
6:49 of 2nd period - Snap shot by Griffin Reinhart.
6:49 of 2nd period - Stopped by Justin Peters without a rebound.
6:50 of 2nd period - Nathan Gerbe wins face-off versus Quinton Howden in Senators zone.
7:07 of 2nd period - Off-side.
7:08 of 2nd period - Aleksander Barkov wins face-off versus Jordan Schroeder in neutral zone.
7:13 of 2nd period - Snap shot by Pontus Aberg.
7:13 of 2nd period - Stopped by Justin Peters with a rebound.
7:15 of 2nd period - Backhand shot by Pontus Aberg.
7:15 of 2nd period - Goal by Pontus Aberg - Remparts : 2 - Senators : 0.
7:16 of 2nd period - Nathan Gerbe wins face-off versus Pontus Aberg in neutral zone.
7:28 of 2nd period - Wrist shot by Aleksander Barkov.
7:28 of 2nd period - Stopped by Justin Peters with a rebound.
7:32 of 2nd period - Wrist shot by Aleksander Barkov.
7:32 of 2nd period - Shot Blocked by Scott Harrington.
7:49 of 2nd period - Slapshot by William Colbert.
7:49 of 2nd period - Deflect By Jordan Schroeder.
7:49 of 2nd period - Stopped by Justin Peters without a rebound.
7:50 of 2nd period - Jordan Schroeder wins face-off versus Aleksander Barkov in Senators zone.
7:52 of 2nd period - Minor Penalty to Eric Mestery for Diving.
7:53 of 2nd period - Jonathan Ferland wins face-off versus Tobias Rieder in Senators zone.
9:37 of 2nd period - Nathan Gerbe is hit by Tobias Rieder and loses puck.
9:52 of 2nd period - Penalty to Eric Mestery is over, Eric Mestery is back on ice.
10:03 of 2nd period - Slapshot by Griffin Reinhart.
10:03 of 2nd period - Shot Blocked by Dylan Blujus.
10:05 of 2nd period - Slapshot by William Colbert.
10:05 of 2nd period - Stopped by Justin Peters with a rebound.
10:07 of 2nd period - Wrist shot by Quinton Howden.
10:07 of 2nd period - Stopped by Justin Peters without a rebound.
10:08 of 2nd period - Jordan Schroeder wins face-off versus Cedric Paquette in Senators zone.
10:33 of 2nd period - Jerry D'Amigo is hit by Keegan Lowe and loses puck.
10:42 of 2nd period - Snap shot by Quinton Howden.
10:42 of 2nd period - Shot Misses the Net.
11:05 of 2nd period - Snap shot by Pontus Aberg.
11:05 of 2nd period - Shot Misses the Net.
11:07 of 2nd period - Slapshot by Michal Jordan.
11:07 of 2nd period - Shot Misses the Net.
11:41 of 2nd period - Snap shot by Jonathan Ferland.
11:41 of 2nd period - Shot Blocked by Michael McCarron.
11:46 of 2nd period - Off-side.
11:47 of 2nd period - Aleksander Barkov wins face-off versus Kevin Rooney in neutral zone.
11:52 of 2nd period - Snap shot by Tobias Rieder.
11:52 of 2nd period - Stopped by Justin Peters with a rebound.
11:54 of 2nd period - Slapshot by Tobias Rieder.
11:54 of 2nd period - Shot Misses the Net.
11:56 of 2nd period - Snap shot by Pontus Aberg.
11:56 of 2nd period - Goal by Pontus Aberg - Remparts : 3 - Senators : 0.
11:57 of 2nd period - Tobias Rieder wins face-off versus Nathan Gerbe in neutral zone.
12:08 of 2nd period - Wrist shot by Andy Andreoff.
12:08 of 2nd period - Shot Blocked by Aleksander Barkov.
12:10 of 2nd period - Slapshot by Scott Harrington.
12:10 of 2nd period - Deflect By Aaron Ekblad.
12:10 of 2nd period - Stopped by Igor Bobkov with a rebound.
12:49 of 2nd period - William Colbert is hit by Eric Mestery and loses puck.
13:32 of 2nd period - Slapshot by Tobias Rieder.
13:32 of 2nd period - Stopped by Justin Peters with a rebound.
13:34 of 2nd period - Snap shot by Niklas Hansson.
13:34 of 2nd period - Stopped by Justin Peters with a rebound.
13:36 of 2nd period - Wrist shot by Pontus Aberg.
13:36 of 2nd period - Stopped by Justin Peters with a rebound.
13:57 of 2nd period - Snap shot by Jake Virtanen.
13:57 of 2nd period - Deflect By Michael Latta.
13:57 of 2nd period - Shot Blocked by Mason Geertsen.
13:57 of 2nd period - Puck is out of play.
13:58 of 2nd period - Aleksander Barkov wins face-off versus Nathan Gerbe in Senators zone.
14:12 of 2nd period - Wrist shot by Andy Andreoff.
14:12 of 2nd period - Deflect By Pontus Aberg.
14:12 of 2nd period - Stopped by Igor Bobkov with a rebound.
14:14 of 2nd period - Snap shot by Nathan Gerbe.
14:14 of 2nd period - Shot Misses the Net.
14:29 of 2nd period - Matt Puempel is hit by Jordan Schroeder and loses puck.
15:08 of 2nd period - Slapshot by Nathan Gerbe.
15:08 of 2nd period - Stopped by Igor Bobkov with a rebound.
15:10 of 2nd period - Backhand shot by Adam Ollas-Mattsson.
15:10 of 2nd period - Shot Blocked by Michael Latta.
15:12 of 2nd period - Snap shot by Andy Andreoff.
15:12 of 2nd period - Shot Misses the Net.
15:22 of 2nd period - Slapshot by A.J. Jenks.
15:22 of 2nd period - Shot Blocked by Michael Latta.
15:32 of 2nd period - Nick Foligno is hit by Aleksander Barkov and loses puck.
16:09 of 2nd period - Wrist shot by Nathan Gerbe.
16:09 of 2nd period - Shot Misses the Net.
16:11 of 2nd period - Snap shot by Andy Andreoff.
16:11 of 2nd period - Goal by Andy Andreoff - Remparts : 3 - Senators : 1.
16:12 of 2nd period - Nathan Gerbe wins face-off versus Tobias Rieder in neutral zone.
16:15 of 2nd period - Slapshot by Scott Harrington.
16:15 of 2nd period - Deflect By Nathan Gerbe.
16:15 of 2nd period - Shot Blocked by Pontus Aberg.
16:15 of 2nd period - Puck is out of play.
16:16 of 2nd period - Nathan Gerbe wins face-off versus Aleksander Barkov in Remparts zone.
16:17 of 2nd period - Slapshot by Jonathan Ferland.
16:17 of 2nd period - Stopped by Igor Bobkov with a rebound.
16:23 of 2nd period - Wrist shot by Jonathan Ferland.
16:23 of 2nd period - Shot Blocked by Pontus Aberg.
16:27 of 2nd period - Snap shot by Jonathan Ferland.
16:27 of 2nd period - Goal by Jonathan Ferland - Remparts : 3 - Senators : 2.
16:28 of 2nd period - Aleksander Barkov wins face-off versus Nathan Gerbe in neutral zone.
17:09 of 2nd period - Snap shot by Aleksander Barkov.
17:09 of 2nd period - Shot Misses the Net.
17:11 of 2nd period - Snap shot by William Colbert.
17:11 of 2nd period - Stopped by Justin Peters without a rebound.
17:12 of 2nd period - Nathan Gerbe wins face-off versus Michael Latta in Senators zone.
17:50 of 2nd period - Wrist shot by Jerry D'Amigo.
17:50 of 2nd period - Shot Misses the Net.
18:02 of 2nd period - Snap shot by A.J. Jenks.
18:02 of 2nd period - Stopped by Igor Bobkov with a rebound.
18:04 of 2nd period - Backhand shot by Dylan Blujus.
18:04 of 2nd period - Deflect By Kirill Kaprizov.
18:04 of 2nd period - Stopped by Igor Bobkov with a rebound.
18:06 of 2nd period - Slapshot by Dylan Blujus.
18:06 of 2nd period - Deflect By Brett Bulmer.
18:06 of 2nd period - Shot Misses the Net.
18:06 of 2nd period - Puck is out of play.
18:07 of 2nd period - Aleksander Barkov wins face-off versus Jake Evans in Remparts zone.
18:17 of 2nd period - Snap shot by A.J. Jenks.
18:17 of 2nd period - Stopped by Igor Bobkov with a rebound.
18:19 of 2nd period - Snap shot by A.J. Jenks.
18:19 of 2nd period - Stopped by Igor Bobkov with a rebound.
18:27 of 2nd period - Snap shot by A.J. Jenks.
18:27 of 2nd period - Deflect By Jake Evans.
18:27 of 2nd period - Shot Misses the Net.
18:27 of 2nd period - Puck is out of play.
18:28 of 2nd period - Michael Latta wins face-off versus Nathan Gerbe in Remparts zone.
18:41 of 2nd period - Matt Puempel is hit by Keegan Lowe and loses puck.
19:18 of 2nd period - Jordan Schroeder is hit by Griffin Reinhart and loses puck.
19:54 of 2nd period - Minor Penalty to Michael McCarron for Goalie Interference.
19:55 of 2nd period - Tobias Rieder wins face-off versus Nathan Gerbe in Remparts zone.
Goals for this period are 2 for Remparts vs 2 for Senators.
Shots for this period are 17 for Remparts vs 18 for Senators.
3rd period
0:01 of 3rd period - Nathan Gerbe wins face-off versus Michael Latta in neutral zone.
0:04 of 3rd period - Aaron Ekblad is hit by Jonathan Ferland and loses puck.
0:37 of 3rd period - Slapshot by Keegan Lowe.
0:37 of 3rd period - Shot Blocked by William Colbert.
1:54 of 3rd period - Penalty to Michael McCarron is over, Michael McCarron is back on ice.
2:09 of 3rd period - Wrist shot by Zemgus Girgensons.
2:09 of 3rd period - Deflect By Kevin Rooney.
2:09 of 3rd period - Stopped by Igor Bobkov with a rebound.
2:41 of 3rd period - Snap shot by Aleksander Barkov.
2:41 of 3rd period - Shot Blocked by Jack Dougherty.
3:58 of 3rd period - Slapshot by William Colbert.
3:58 of 3rd period - Shot Blocked by Grant Besse.
4:00 of 3rd period - Slapshot by William Colbert.
4:00 of 3rd period - Shot Misses the Net.
4:20 of 3rd period - Snap shot by A.J. Jenks.
4:20 of 3rd period - Stopped by Igor Bobkov with a rebound.
4:22 of 3rd period - Snap shot by Brett Bulmer.
4:22 of 3rd period - Shot Blocked by Aaron Ekblad.
5:04 of 3rd period - Philippe Myers is hit by John Draeger and loses puck.
5:30 of 3rd period - Matt Puempel is hit by Nathan Gerbe and loses puck.
6:13 of 3rd period - Mason Geertsen is hit by Kirill Kaprizov and loses puck.
6:26 of 3rd period - Pontus Aberg is hit by Mason Geertsen and loses puck.
7:17 of 3rd period - Cedric Paquette is hit by Eric Mestery and loses puck.
7:30 of 3rd period - Snap shot by Aaron Ekblad.
7:30 of 3rd period - Stopped by Justin Peters without a rebound.
7:31 of 3rd period - Jake Evans wins face-off versus Aleksander Barkov in Senators zone.
7:31 of 3rd period - Jake Evans is hit by Aleksander Barkov.
7:52 of 3rd period - Minor Penalty to Aleksander Barkov for Roughing.
7:53 of 3rd period - Nathan Gerbe wins face-off versus Michael Latta in Remparts zone.
8:36 of 3rd period - Wrist shot by Jonathan Ferland.
8:36 of 3rd period - Goal by Jonathan Ferland - Remparts : 3 - Senators : 3.
8:37 of 3rd period - Aleksander Barkov wins face-off versus Nathan Gerbe in neutral zone.
8:52 of 3rd period - Slapshot by Aleksander Barkov.
8:52 of 3rd period - Stopped by Justin Peters without a rebound.
8:53 of 3rd period - Michael Latta wins face-off versus Jordan Schroeder in Senators zone.
9:06 of 3rd period - Slapshot by Griffin Reinhart.
9:06 of 3rd period - Stopped by Justin Peters with a rebound.
9:08 of 3rd period - Slapshot by Aaron Ekblad.
9:08 of 3rd period - Shot Blocked by Keegan Lowe.
9:20 of 3rd period - Aaron Ekblad is hit by Keegan Lowe and loses puck.
9:39 of 3rd period - Slapshot by Keegan Lowe.
9:39 of 3rd period - Shot Blocked by Quinton Howden.
10:00 of 3rd period - Snap shot by Michael Latta.
10:00 of 3rd period - Stopped by Justin Peters with a rebound.
10:02 of 3rd period - Snap shot by Michael Latta.
10:02 of 3rd period - Goal by Michael Latta - Remparts : 4 - Senators : 3.
10:03 of 3rd period - Aleksander Barkov wins face-off versus Nathan Gerbe in neutral zone.
10:06 of 3rd period - Jonathan Ferland is hit by Michal Jordan.
10:28 of 3rd period - Dylan Blujus is hit by Michael Latta.
10:54 of 3rd period - Slapshot by Jerry D'Amigo.
10:54 of 3rd period - Shot Misses the Net.
10:56 of 3rd period - Snap shot by Kirill Kaprizov.
10:56 of 3rd period - Shot Blocked by Grant Besse.
10:58 of 3rd period - Snap shot by Jerry D'Amigo.
10:58 of 3rd period - Stopped by Justin Peters with a rebound.
11:14 of 3rd period - Snap shot by Tobias Rieder.
11:14 of 3rd period - Shot Misses the Net.
12:02 of 3rd period - Jake Virtanen is hit by Jordan Schroeder and loses puck.
13:01 of 3rd period - Minor Penalty to Adam Ollas-Mattsson for Slashing.
13:02 of 3rd period - Jonathan Ferland wins face-off versus Aleksander Barkov in Senators zone.
13:06 of 3rd period - Snap shot by Tobias Rieder.
13:06 of 3rd period - Shot Misses the Net.
14:17 of 3rd period - Icing by Griffin Reinhart.
14:18 of 3rd period - Aleksander Barkov wins face-off versus Warren Foegele in Remparts zone.
15:01 of 3rd period - Penalty to Adam Ollas-Mattsson is over, Adam Ollas-Mattsson is back on ice.
15:03 of 3rd period - Slapshot by Scott Harrington.
15:03 of 3rd period - Stopped by Igor Bobkov with a rebound.
15:24 of 3rd period - Slapshot by Andy Andreoff.
15:24 of 3rd period - Shot Misses the Net.
15:42 of 3rd period - Snap shot by Quinton Howden.
15:42 of 3rd period - Stopped by Justin Peters with a rebound.
15:44 of 3rd period - Backhand shot by Jerry D'Amigo.
15:44 of 3rd period - Shot Misses the Net.
16:12 of 3rd period - Snap shot by Jerry D'Amigo.
16:12 of 3rd period - Goal by Jerry D'Amigo - Remparts : 5 - Senators : 3.
16:13 of 3rd period - Aleksander Barkov wins face-off versus Grant Besse in neutral zone.
16:34 of 3rd period - Minor Penalty to Zemgus Girgensons for Roughing.
16:35 of 3rd period - Aleksander Barkov wins face-off versus Jonathan Ferland in Senators zone.
16:36 of 3rd period - Snap shot by Tobias Rieder.
16:36 of 3rd period - Stopped by Justin Peters with a rebound.
16:42 of 3rd period - Snap shot by Tobias Rieder.
16:42 of 3rd period - Shot Misses the Net.
16:44 of 3rd period - Snap shot by Tobias Rieder.
16:44 of 3rd period - Stopped by Justin Peters without a rebound.
16:45 of 3rd period - Aleksander Barkov wins face-off versus Jonathan Ferland in Senators zone.
16:46 of 3rd period - Slapshot by Tobias Rieder.
16:46 of 3rd period - Shot Blocked by Nathan Gerbe.
16:48 of 3rd period - Snap shot by Pontus Aberg.
16:48 of 3rd period - Stopped by Justin Peters without a rebound.
16:49 of 3rd period - Jonathan Ferland wins face-off versus Pontus Aberg in Senators zone.
17:32 of 3rd period - Snap shot by Andy Andreoff.
17:32 of 3rd period - Stopped by Igor Bobkov with a rebound.
18:34 of 3rd period - Penalty to Zemgus Girgensons is over, Zemgus Girgensons is back on ice.
18:50 of 3rd period - Wrist shot by Nick Foligno.
18:50 of 3rd period - Stopped by Igor Bobkov with a rebound.
19:58 of 3rd period - Wrist shot by William Colbert.
19:58 of 3rd period - Stopped by Justin Peters with a rebound.
Goals for this period are 2 for Remparts vs 1 for Senators.
Shots for this period are 12 for Remparts vs 6 for Senators.